woodfighter, chaotic female elven Priestess ----- |.... ####### ...... # --.------- |..... # |.>......-# |...... # |........|# |.......# .........|# --..... # ----------# ------ # # `######### # # # # # # ##f#############%# # -@- # #---.--- # .a..| #|.....| ### ....... #|.....| #----- ..../.{.| #......| #|.._| ---------- |.....| #-.<.| ------- ----- woodfighter the Acolyte Experience level: 5 Strength: 14 Dexterity: 13 Constitution: 11 Intelligence: 19 Wisdom: 12 Charisma: 9 Health: 0(34) Energy: 80(80) Def: 4 Gold: 777 Moves: 2115 Dungeon seed: CHfMjHXqDtdDSjSe Game ID: woodfighter_1534447535 Your Inventory: Coins $ - 777 gold pieces Weapons a - a blessed +1 mace (weapon in hand) Armor e - a +0 robe (being worn) n - a +0 small shield (being worn) y - a +0 orcish helm (being worn) Comestibles c - a clove of garlic d - a sprig of wolfsbane v - a tripe ration K - a magic bean Scrolls m - a blessed scroll of blank paper q - 2 scrolls of scare monster s - a scroll of destroy armor F - 2 scrolls of identify G - a scroll of teleportation H - a scroll of light I - a scroll of scare monster Spellbooks g - a spellbook of extra healing h - a spellbook of remove curse i - a spellbook of protection l - a spellbook of sleep p - a spellbook of create monster Potions b - 4 potions of holy water k - a potion of confusion u - a potion of oil Rings o - a ring of invisibility E - a cursed -1 ring of increase damage Wands f - a wand of cancellation (0:1) t - a wand of enlightenment (0:12) w - a wand of sleep (0:3) x - a blessed wand of slow monster (0:3) B - a wand of enlightenment (0:11) C - a wand of undead turning (0:4) Tools j - a leather drum Spells and supernatural/magical abilities: Name Level Category Fail Memory p - protection 1 clerical 0% 90% r - remove curse 3 clerical 0% 90% x - extra healing 3 healing 70% 90% W - pray for help -- divine ? -- X - turn undead -- divine ? -- Your skills at the end: Miscellaneous Skills shield [Basic] wands [Basic] Weapon Skills mace [Basic] Spellcasting Skills clerical spells [Basic] Final Attributes: You were piously aligned. You were sleep resistant. Your writing hand was ok. You had infravision. You were stealthy. You are dead. Vanquished creatures: a dog 3 Mordor orcs a pony a fog cloud an iguana a rabid rat 2 giant bats an orc zombie 2 coyotes a hobbit a large kobold 3 geckos 3 giant rats a yellow mold 22 manes a gnome zombie 5 jackals a fox a kobold 5 newts 2 goblins 2 grid bugs a bat 4 lichens 66 creatures vanquished. Voluntary challenges: You did not adorn yourself with jewelry or accessories. You did not cause conflict. You were not invisible. You did not have reflection. You were not displaced. You were an atheist. You used a wielded weapon 88 times, starting on turn 25. You did not use tools. You did not use plumbed fixtures. You did not drink any magical draughts. You read items or engraved 1 time, starting on turn 1664. You never genocided any monsters. You never polymorphed an object. You never changed form. You used no wishes. You never split a pudding. You never wrote Elbereth's name. You never violated your personal moral code. Dungeon overview: The Dungeons of Doom: levels 1 to 8 Level 1 a long staircase Level 2 a potion shop, an altar to Anhur, a fountain stairs to The Gnomish Mines Level 3 a fountain Level 4 (eye) an altar to Anhur Level 5 (eye) Level 6 (eye) a potion shop Level 7 <- You were here an altar to Anhur, a fountain Level 8 The Gnomish Mines: Level 3 stairs to The Dungeons of Doom History has recorded: On T:1 you entered the Dungeons of Doom to retrieve the Amulet of Yendor! On T:307 you reached level 2 of The Dungeons of Doom. On T:393 you reached level 3 of The Dungeons of Doom. On T:483 you reached level 1 of The Gnomish Mines. On T:529 you advanced to experience level 2. On T:744 you advanced to experience level 3. On T:865 you reached level 4 of The Dungeons of Doom. On T:1044 you reached level 5 of The Dungeons of Doom. On T:1372 you advanced to experience level 4. On T:1444 you reached level 6 of The Dungeons of Doom. On T:1692 you reached level 7 of The Dungeons of Doom. On T:1788 you advanced to experience level 5. On T:2048 you reached level 8 of The Dungeons of Doom. Score breakdown: Gold: 777 ( 77 points) Experience: 5 levels ( 400 points) Exploration: 8 levels ( 210 points) Discoveries: 17 items ( 850 points) Variety of kills: 24 monsters ( 1200 points) Major goal: (nothing yet) ( 0 points) Survival: died (score multiplied by 3) Total score: 8211 Latest messages: You hear some noises. You displace kitty. The giant rat bites! You kill the giant rat! You see here a giant rat corpse. Kitty eats a giant rat corpse. You stop exploring. You kill the yellow mold! The giant rat bites! You kill the giant rat! You see here a yellow mold corpse. The giant rat bites! You kill the giant rat! You stop exploring. (2x) You kill the newt! You hit the rabid rat! The rabid rat bites! You hit the rabid rat! The rabid rat bites! You kill the rabid rat! You stop exploring. The giant beetle bites! You hit the giant beetle! (2x) The giant beetle bites! You hit the giant beetle! (2x) The giant beetle bites! You die... Final status: Goodbye woodfighter the Priestess, killed by a giant beetle... You died in The Dungeons of Doom on dungeon level 7 with 8211 points, and 777 pieces of gold, after 2115 moves. You were level 5 with a maximum of 34 hit points when you died.